 Dungeon Crawl Stone Soup version 0.27.0-1-g7a089689b8 (webtiles) character file.

Game seed: 8484381190049637646

35 Tutankhamun the Sneak (level 3, -1/21 HPs)
             Began as a Kobold Brigand on Aug 15, 2021.
             Killed from afar by Natasha (4 damage)
             ... with a magic dart
             ... on level 2 of the Dungeon.
             The game lasted 00:00:54 (1383 turns).

Tutankhamun the Sneak (Kobold Brigand)              Turns: 1383, Time: 00:00:54

Health: -1/21      AC:  3    Str:  8    XL:     3   Next: 52%
Magic:  3/3        EV: 15    Int: 12    God:
Gold:   77         SH:  0    Dex: 17    Spells: 2/2 levels left

rFire    . . .     SeeInvis .   a - +2 dagger
rCold    . . .     Faith    .   (shield restricted)
rNeg     . . .     Spirit   .   b - +0 robe
rPois    .         Reflect  .   (no helmet)
rElec    .         Harm     .   c - +0 cloak
rCorr    .         Rampage  .   (no gloves)
Will     .....                  (no boots)
Stlth    ++++......             (no amulet)
HPRegen  0.07/turn              (no ring)
MPRegen  0.08/turn              (no ring)

@: slowed, very slow
A: small, no large weapons, nightstalker 3
a: no special abilities


You were on level 2 of the Dungeon.
You visited 1 branch of the dungeon, and saw 2 of its levels.

You collected 77 gold pieces.

Inventory:

Hand Weapons
 a - a +2 dagger (weapon)
Missiles
 d - 7 poisoned darts (quivered)
 e - 2 curare-tipped darts
Armour
 b - a +0 robe (worn)
 c - a +0 cloak (worn)
Scrolls
 f - a scroll of identify {unknown}
 g - a scroll of fear {unknown}
Potions
 h - a potion of invisibility {unknown}
 i - a potion of degeneration {unknown}


   Skills:
 - Level 2.1 Fighting
 * Level 4.0 Short Blades
 - Level 2.1 Throwing
 * Level 2.7 Dodging
 - Level 5.3 Stealth


You had 2 spell levels left.
You didn't know any spells.
Your spell library was empty.

Dungeon Overview and Level Annotations

Branches:
Dungeon (2/15)

Altars:

Annotations:
D:2 Natasha


Innate Abilities, Weirdness & Mutations

You are small and have problems with some larger weapons.
You are completely attuned to the shadows.


Message History

There is a stone staircase leading down here.
You climb downwards.
There is a stone staircase leading up here.
You aren't carrying any pieces of jewellery.
Found a stone staircase leading up.
There is a stone staircase leading up here.
You open the door.
There is an open door here.
You open the door.
There is an open door here.
Natasha, Servant of Life and Death comes into view.
Natasha hisses angrily.
Natasha casts a spell at you.
You feel yourself slow down.
Found a scroll labelled GILIDE HAULU.
Natasha is nearby!
Natasha drinks a potion.
Natasha seems to speed up.
Natasha barely misses you. Natasha claws you!
You hit Natasha but do no damage. Natasha claws you.
You are too injured to fight recklessly!
You are too injured to fight recklessly!
Unknown command.
You hit Natasha.
Natasha is moderately wounded.
Natasha claws you. Natasha misses you.
You miss Natasha.
Natasha is moderately wounded.
Natasha misses you.
Natasha mumbles some strange words.
Natasha shimmers violently.
Natasha claws you.
* * * LOW HITPOINT WARNING * * *
Throw: 8 darts (poison)
Press: ? - help, Q - select action, (/) - cycle Shift-Dir - straight line, f - Natasha
Aim: Natasha (moderately wounded, fast, 55% to hit)
You throw a poisoned dart.
The poisoned dart barely misses Natasha.
Natasha casts a spell at you. The magic dart hits you.
You die...

.### #
...... .#
...?..##(##
#......h...
#.....@#
#.....##
...#.###.#
#.........
####.#####
##'##
##...##
##.....#
##.......#


You could see Natasha (fast).

Vanquished Creatures
  A dart slug (D:1)
  4 ball pythons (D:1)
  5 endoplasms (D:1)
  A giant cockroach (D:1)
  2 hobgoblins (D:1)
  6 jackals (D:1)
  A kobold (D:1)
  2 quokkas (D:1)
  2 bats (D:1)
  A frilled lizard (D:1)
  2 rats (D:1)
27 creatures vanquished.

Notes
Turn   | Place    | Note
-------+----------+-------------------------------------------
     0 | D:1      | Tutankhamun the Kobold Brigand began the quest for the Orb.
     0 | D:1      | Reached XP level 1. HP: 12/12 MP: 1/1
    70 | D:1      | Reached XP level 2. HP: 17/17 MP: 2/2
   403 | D:1      | Reached XP level 3. HP: 8/21 MP: 3/3
  1377 | D:2      | Noticed Natasha
  1383 | D:2      | Killed from afar by Natasha

Illustrated notes

Levels and vault maps discovered:
D:1:      scummos_arrival_simple_fountains, layout_basic,
          minmay_misc_feat_ornament
D:2:      layout_loops_corners, dk_noncrumbling_3,
          amcnicky_mini_corridor_feature, chequers_serial_rivers_micro_c,
          uniq_jessica, uniq_robin, uniq_terence, uniq_natasha

Skill      XL: |  1  2  3 |
---------------+----------+-----
Short Blades   | 3 4 |  4.0
Dodging        | 2 |  2.7
Fighting       | |  2.1
Throwing       | |  2.1
Stealth        | |  5.3

Action                   || total
-------------------------++-------
Melee: Dagger            ||   108
Throw: Dart              ||     1
 Stab: Sleeping          ||    12
Armor: Robe              ||    13
Dodge: Dodged            ||    71
